 Dungeon Crawl Stone Soup version 0.27-a0-1060-gcb85b5eba1 (webtiles) character file.

Game seed: 4095207603123169055

282 porpoise the Magician (level 6, -10/47 HPs)
             Began as a Djinni Venom Mage on Apr 22, 2021.
             Mangled by Duvessa
             ... wielding a +0 short sword
              (11 damage)
             ... on level 4 of the Dungeon.
             The game lasted 00:14:07 (4747 turns).

porpoise the Magician (Djinni Venom Mage)           Turns: 4747, Time: 00:14:07

Health: -10/47     AC:  3    Str:  7    XL:     6   Next: 28%
Gold:   118        EV: 12    Int: 19    God:
                   SH:  0    Dex: 13

rFire    + + .     SeeInvis .   b - +4 hunting sling
rCold    x . .     Faith    .   (no shield)
rNeg     . . .     Spirit   .   r - +0 robe
rPois    ∞         Reflect  .   m - +0 helmet
rElec    .         Harm     .   (no cloak)
rCorr    +         Rampage  .   (no gloves)
Will     .....                  (boots unavailable)
Stlth    ++........             (no amulet)
HPRegen  0.15/turn              d - ring of resist corrosion
MPRegen  0.00/turn              (no ring)

@: flying
A: fire resistance 2, cold vulnerability 1, float, innate caster, hp casting,
extra vitality 1
a: no special abilities


You were on level 4 of the Dungeon.
You visited 1 branch of the dungeon, and saw 4 of its levels.

You collected 118 gold pieces.

Inventory:

Hand Weapons
 a - a +2 short sword of electrocution
 b - a +4 hunting sling (weapon)
Missiles
 e - 89 stones (quivered ammo)
 g - 27 bolts
 i - 6 javelins
 l - 5 boomerangs
 n - a throwing net
 s - 13 arrows
Armour
 m - a +0 helmet (worn)
 r - a +0 robe (worn)
Jewellery
 d - a ring of resist corrosion (left hand)
 h - an amulet of faith
Scrolls
 c - a scroll of noise {unknown}
 f - a scroll of enchant armour {unknown}
 j - 3 scrolls of identify {unknown}
 o - 2 scrolls of magic mapping {unknown}
 t - 3 scrolls of enchant weapon {unknown}
Potions
 k - 2 potions of brilliance {unknown}
 p - a potion of flight {unknown}
 q - a potion of heal wounds {unknown}
 u - a potion of magic {unknown}


   Skills:
 + Level 4.1 Fighting
 - Level 2.1 Dodging
 - Level 1.5 Stealth
 + Level 4.5 Spellcasting


You couldn't memorise any spells.
You knew the following spells:

 Your Spells              Type           Power      Damage    Failure   Level
a - Sting                 Tmut/Pois      84%        1d7       1%          1
c - Call Imp              Summ           21%        N/A       3%          2
i - Ignite Poison         Fire/Tmut/Pois 21%        N/A       6%          3
k - Animate Skeleton      Necr           42%        N/A       1%          1
m - Mephitic Cloud        Conj/Pois/Air  21%        N/A       6%          3
o - Olgreb's Toxic Radia  Pois           21%        N/A       21%         4
v - Poisonous Vapours     Pois/Air       42%        N/A       3%          2
Your spell library was empty.

Dungeon Overview and Level Annotations

Branches:
Dungeon (4/15)
 Temple: D:4-7

Altars:

Shops:
D:3 (

Annotations:
D:4 Duvessa


Innate Abilities, Weirdness & Mutations

You are immune to poison.
Your flesh is very heat resistant. (rF++)
You are vulnerable to cold. (rC-)
You float through the air rather than walking.
You learn spells naturally, not from books.
Your magical power is your life essence.
You have superior vitality. (+4 HP)


Message History

You hear a distant scream of rage.
Duvessa, Sister of Dowan comes into view.
She is wielding a +0 short sword and wearing a +2 leather armour of cold resistance.
Your Fighting skill increases to level 4!
Casting: Ignite Poison (dangerous; 6% risk of failure)
Confirm with . or Enter, or press ? or * to list all spells.
Aiming: Poisonous Vapours (safe; 3% risk of failure)
Press: ? - help, Dir - move target, f - Duvessa
Aim: Duvessa, wielding a +0 short sword and wearing a +2 leather armour of cold resistance (wandering, hasn't noticed you) Poisonous vapours surround Duvessa!
Duvessa shouts!
Duvessa goes berserk!
Duvessa is engulfed in poison gas.
Duvessa is poisoned.
You hear a shout!
You hear a shout!
An endoplasm and a lemure come into view.
Casting: Poisonous Vapours (safe; 3% risk of failure)
Confirm with . or Enter, or press ? or * to list all spells.
Aiming: Poisonous Vapours (safe; 3% risk of failure)
Press: ? - help, Dir - move target, f/p - Duvessa
Aim: Duvessa, wielding a +0 short sword and wearing a +2 leather armour of cold resistance (lightly wounded, berserk, poisoned) Poisonous vapours surround Duvessa!
The endoplasm quivers.
Duvessa is engulfed in poison gas.
Duvessa looks even sicker.
Duvessa hits you with a +0 short sword!
You hear a shout!
Casting: Poisonous Vapours (safe; 3% risk of failure)
Confirm with . or Enter, or press ? or * to list all spells.
You ignite the poison in your surroundings!
Duvessa seems to burn from within!!
Duvessa is severely wounded.
Duvessa barely misses you. Duvessa hits you with a +0 short sword!
* * * LOW HITPOINT WARNING * * *
The endoplasm jiggles.
The lemure hits you.
* * * LOW HITPOINT WARNING * * *
You hear a shout!
You hear a shout!
The lemure barely misses you. Duvessa barely misses you.
You feel a bit more experienced. Duvessa hits you with a +0 short sword!
You die...

.# ####.# ...... ..$.
... # # ##.#
#...#.##.#######
#.......5.e@.†.######.
.......#######........
.....J# #########
...... ...). .....
.... ....


You could see Duvessa (berserk) and a lemure.

Vanquished Creatures
  Dowan (D:4)
  Jessica (D:2)
  2 orc wizards (D:3)
  Robin (D:2)
  4 gnolls (D:2)
  An adder (D:3)
  2 dart slugs
  4 orcs (D:3)
  4 bats
  6 endoplasms
  3 giant cockroaches
  15 goblins
  6 hobgoblins
  11 jackals
  7 kobolds
  2 quokkas (D:1)
  6 ball pythons
  2 frilled lizards (D:1)
  9 rats
87 creatures vanquished.

Notes
Turn   | Place    | Note
-------+----------+-------------------------------------------
     0 | D:1      | porpoise the Djinni Venom Mage began the quest for the Orb.
     0 | D:1      | Reached XP level 1. HP: 15/15 MP: 0/0
   255 | D:1      | Reached skill level 1 in Fighting
   255 | D:1      | Reached XP level 2. HP: 19/22 MP: 0/0
  1037 | D:1      | Reached XP level 3. HP: 26/27 MP: 0/0
  1037 | D:1      | Learned a level 1 spell: Animate Skeleton
  2423 | D:2      | Noticed Robin
  2426 | D:2      | Killed Robin
  2427 | D:2      | Reached XP level 4. HP: 26/34 MP: 0/0
  3092 | D:2      | Reached XP level 5. HP: 36/40 MP: 0/0
  3092 | D:2      | Learned a level 2 spell: Call Imp
  3237 | D:2      | Noticed Jessica
  3239 | D:2      | Killed Jessica
  4148 | D:3      | Found Wooxzisi's Weapon Boutique.
  4376 | D:3      | Reached XP level 6. HP: 16/47 MP: 0/0
  4734 | D:4      | Noticed Dowan
  4737 | D:4      | Killed Dowan
  4737 | D:4      | Noticed Duvessa
  4744 | D:4      | HP: 1/47 [lemure[Pikel] (4)]
  4747 | D:4      | Mangled by Duvessa

Illustrated notes

Levels and vault maps discovered:
D:1:      dpeg_arrival_fog, layout_loops_corners, serial_glass, glass_columns_a,
          glass_columns_a, glass_columns_a, glass_columns_a, glass_columns_a
D:2:      layout_basic, uniq_robin, uniq_jessica
D:3:      layout_loops_ring, serial_shops, shop, minmay_strange_pillars,
          minmay_quantized
D:4:      layout_loops_ring, zin_statuary, uniq_pikel, uniq_eustachio,
          uniq_duvessa

Skill      XL: |  1  2  3  4  5  6 |
---------------+-------------------+-----
Fighting       | 1 2 3 4 |  4.1
Spellcasting   | 3 4 |  4.5
Dodging        | |  2.1
Stealth        | |  1.5

Action                   |  1- 3 |  4- 6 || total
-------------------------+-------+-------++-------
Melee: Dagger            |     4 |       ||     4
       Hand axe          |     5 |       ||     5
       Unarmed           |     1 |       ||     1
       Short sword       |    17 |    13 ||    30
 Fire: Hunting sling     |     3 |    41 ||    44
 Cast: Sting             |    60 |    18 ||    78
       Poisonous Vapours |     6 |    15 ||    21
       Ignite Poison     |     1 |     5 ||     6
 Stab: Sleeping          |     1 |     1 ||     2
Armor: Robe              |     5 |     1 ||     6
Dodge: Dodged            |    27 |    11 ||    38

Table legend: (Time is in decaauts)
 A = Elapsed time spent in this place.
 B = Non-inter-level travel time spent in this place.
 C = Inter-level travel time spent in this place.
 D = Time resting spent in this place.
 E = Time spent auto-exploring this place.
 F = Levels seen in this place.
 G = Mean time per level.
                   A        B        C        D        E       F      G
               +--------+--------+--------+--------+--------+-----+--------+
         Total |   4750 |   4677 |     73 |   1997 |   2058 |   4 | 1187.5 |
       Dungeon |   4750 |   4677 |     73 |   1997 |   2058 |   4 | 1187.5 |
               +--------+--------+--------+--------+--------+-----+--------+

Top non-repeatable levels by time:
     D:1: 2299 daAuts
     D:2: 1334 daAuts
     D:3: 1081 daAuts
     D:4: 35 daAuts
